 Dungeon Crawl Stone Soup version 0.29-a0-490-g77b3608 (webtiles) character file.

Game seed: 5003570577760380368

7417 Toastz the Slicer (level 11, -4/55 HPs)
             Began as a Vine Stalker Enchanter on May 26, 2022.
             Was a Follower of Uskayaw.
             Killed from afar by Lodul (27 damage)
             ... with a bolt of lightning
             ... on level 10 of the Dungeon.
             The game lasted 00:24:51 (8376 turns).

Toastz the Slicer (Vine Stalker Enchanter)          Turns: 8376, Time: 00:24:51

Health: -4/55      AC: 19    Str: 11    XL:     11   Next: 14%
Magic:  0/20       EV:  9    Int: 15    God:    Uskayaw [*.....]
Gold:   524        SH:  0    Dex: 19    Spells: 9/21 levels left

rFire   . . .      SeeInvis .   a - +1 dagger (vamp)
rCold   . . .      Faith    .   (no shield)
rNeg    . . .      Spirit   +   F - +4 scale mail
rPois   .          Reflect  .   y - +0 helmet
rElec   .          Harm     .   (no cloak)
rCorr   .          Rampage  .   x - +0 pair of gloves
Will    +....                   O - +2 pair of boots
Stlth   ++........              (no amulet)
HPRegen 0.98/turn               l - +4 ring of protection
MPRegen 0.17/turn               o - ring of flight

@: flying
A: fangs 3, regeneration 1, magic shield, antimagic bite, no potion heal 2
a: Renounce Religion, Stomp


You were on level 10 of the Dungeon.
You worshipped Uskayaw.
Uskayaw was noncommittal.
You visited 2 branches of the dungeon, and saw 11 of its levels.

You collected 524 gold pieces.

Inventory:

Hand Weapons
 a - a +1 vampiric dagger (weapon)
 b - a +3 dagger
 u - a +0 hunting sling
 J - a +0 dagger of venom
Missiles
 d - 371 stones (quivered)
 m - 14 poisoned darts
 C - 2 throwing nets
 G - 13 javelins
 H - 5 curare-tipped darts
 N - 6 boomerangs
Armour
 v - a +0 robe
 x - a +0 pair of gloves (worn)
 y - a +0 helmet (worn)
 F - a +4 scale mail (worn)
 O - a +2 pair of boots (worn)
Jewellery
 l - a +4 ring of protection (left hand)
 o - a ring of flight (right hand)
Wands
 s - a wand of polymorph (22)
 D - a wand of iceblast (10)
 E - a wand of acid (11)
Scrolls
 e - a scroll of brand weapon
 g - 3 scrolls of silence
 k - a scroll of poison
 n - a scroll of summoning {unknown}
 p - a scroll of blinking
 r - a scroll of teleportation {unknown}
 t - a scroll of fear {unknown}
 I - a scroll of amnesia
 K - a scroll of enchant armour {unknown}
 L - a scroll of fog {unknown}
Potions
 c - 4 potions of invisibility
 f - 8 potions of curing
 h - 4 potions of might
 i - 4 potions of flight
 j - 3 potions of haste {unknown}
 q - a potion of ambrosia {unknown}
 w - 3 potions of heal wounds {unknown}
 z - a potion of berserk rage {unknown}
 A - 2 potions of mutation {unknown}
 B - 3 potions of degeneration {unknown}


   Skills:
 - Level 5.0 Fighting
 - Level 10.0 Short Blades
 + Level 0.0 Armour
 - Level 1.5 Dodging
 - Level 6.0 Stealth
 * Level 5.8 Spellcasting
 - Level 4.0 Conjurations
 * Level 6.7 Hexes
 - Level 2.0 Ice Magic
 * Level 5.8 Invocations


You had 9 spell levels left.
You knew the following spells:

 Your Spells              Type           Power      Damage    Failure   Level
a - Ensorcelled Hibernat  Hex/Ice        34%        N/A       24%         2
b - Slow                  Hex            96%        N/A       6%          1
c - Confusing Touch       Hex            24%        N/A       19%         3
d - Tukima's Dance        Hex            24%        N/A       19%         3
e - Dazzling Flash        Conj/Hex       40%        N/A       32%         3

Your spell library contained the following spells:

 Spells                   Type           Power      Damage    Failure   Level
 Vampiric Draining        Necr           4%         2d6       96%         3
 Animate Dead             Necr           4%         N/A       100%        4
 Haunt                    Necr/Summ      2%         N/A       100%        7
 Infestation              Necr           2%         N/A       100%        8


Dungeon Overview and Level Annotations

Branches:
Dungeon (10/15)            Temple (1/1) D:5            Lair (0/6) D:8
    Orc: D:9-12

Altars:
Ashenzari
Cheibriados
Dithmenos
Elyvilon
Fedhas
Hepliaklqana
Makhleb
Nemelex Xobeh
Okawaru
Qazlal
Ru
Sif Muna
Uskayaw
Vehumet
Wu Jian
Xom
Yredelemnul
Zin

Shops:
D:5 =

Annotations:
D:5 2 transporters
D:9 2 transporters, SuisLittleHoshiymin's ghost, novice OpTm
D:10 Lodul


Innate Abilities, Weirdness & Mutations

You have razor-sharp teeth.
Your natural rate of healing is unusually fast.
When hurt, damage is shared between your health and your magic reserves.
Your bite disrupts and absorbs the magic of your enemies.
Potions cannot restore your health.


Message History

You skewer the ogre like a kebab!!!
You feel better.
You kill the ogre!
Casting: Ensorcelled Hibernation (safe; 3% risk of failure)
Confirm with . or Enter, or press ? or * to list all spells.
Aiming: Ensorcelled Hibernation (safe; 3% risk of failure)
Press: ? - help, Shift-Dir - straight line, f - ogre
Aim: an ogre, wielding a +0 giant club (chance to affect: 50%)
The ogre resists with some effort.
The ogre closely misses you.
Casting: Ensorcelled Hibernation (safe; 3% risk of failure)
Confirm with . or Enter, or press ? or * to list all spells.
Aiming: Ensorcelled Hibernation (safe; 3% risk of failure)
Press: ? - help, Shift-Dir - straight line, f/p - ogre
Aim: an ogre, wielding a +0 giant club (chance to affect: 50%)
The ogre looks drowsy...
The helpless ogre fails to defend itself.
You perforate the ogre like a sieve!!!
You kill the ogre!
You can now pass through a line of other dancers.
Okay, then.
You start removing your armour.
You continue taking off your +0 robe. x4
You finish taking off your +0 robe.
You start putting on your armour.
You continue putting on your +4 scale mail. x2
You can no longer pass through a line of other dancers.
You continue putting on your +4 scale mail. x3
You finish putting on your +4 scale mail.
Unknown command.
You fly downwards.
Level annotation: Lodul The ogre hits you with a +0 giant club.
The ogre closely misses you.
Lodul roars, "I Iron Bound!
You Brass...
Trash!"
Electricity crackles from Lodul's apparatus.
The bolt of lightning hits you!!
Ouch! That really hurt!
There is a stone staircase leading up, spattered with blood here.
There are monsters nearby!
The ogre shouts!
Electricity crackles from Lodul's apparatus.
The bolt of lightning hits you!!
You die...

.....#####.§.§..#
##.. ##....## #.
#....# #
#####..O.#
.......O.#
.........#
..........####
.............#
...........@.#
..........OO.#
............#
#############


You could see Lodul and 3 ogres.

Vanquished Creatures
  A two-headed ogre (D:8)
  Pikel (D:8)
  A rust devil (D:5)
  3 komodo dragons (D:8)
  A troll (D:10)
  A wraith (D:9)
  7 yaks (D:9)
  A wyvern (D:8)
  2 basilisks (D:8)
  Menkaure (D:7)
  An acid dragon (D:9)
  An orc warrior (D:9)
  3 sky beasts
  A swamp drake (D:8)
  2 centaurs
  6 ogres
  A lemure (D:8)
  2 phantoms
  3 bullfrogs
  2 scorpions
  2 necrophages (D:7)
  8 wights
  4 killer bees (D:9)
  A howler monkey (D:5)
  3 hounds
  2 jellies (D:6)
  A gnoll shaman (D:9)
  3 orc priests
  4 orc wizards
  6 iguanas
  4 adders
  7 gnolls
  A white imp (D:7)
  2 ufetubi
  2 worms
  3 dart slugs
  29 orcs
  6 ball pythons
  7 bats
  6 endoplasms
  2 giant cockroaches
  9 goblins
  12 hobgoblins
  3 jackals (D:5)
  5 quokkas
  5 frilled lizards
  5 kobolds
  3 rats
186 creatures vanquished.

Vanquished Creatures (collateral kills)
  2 wights
  2 gnolls (D:9)
4 creatures vanquished.

Vanquished Creatures (others)
  3 plants (D:5)
3 creatures vanquished.

Grand Total: 193 creatures vanquished

Notes
Turn   | Place    | Note
-------+----------+-------------------------------------------
     0 | D:1      | Toastz the Vine Stalker Enchanter began the quest for the
                  | Orb.
     0 | D:1      | Reached XP level 1. HP: 9/9 MP: 4/4
    32 | D:1      | Reached skill level 1 in Short Blades
    32 | D:1      | Reached XP level 2. HP: 14/14 MP: 6/6
    85 | D:1      | Learned a level 2 spell: Ensorcelled Hibernation
   187 | D:1      | Reached skill level 1 in Fighting
   187 | D:1      | Reached skill level 2 in Short Blades
   417 | D:1      | Learned a level 1 spell: Slow
   450 | D:1      | Found a faded altar of an unknown god.
   480 | D:1      | Reached XP level 3. HP: 18/18 MP: 7/7
   499 | D:1      | You fall into a shaft and drop 1 floor!
  1166 | D:2      | Learned a level 3 spell: Confusing Touch
  1214 | D:2      | Gained mutation: Your natural rate of healing is unusually
                  | fast. [Vine Stalker growth]
  1214 | D:2      | Reached XP level 4. HP: 22/22 MP: 8/8
  1380 | D:2      | Reached skill level 3 in Short Blades
  2274 | D:3      | Reached XP level 5. HP: 26/26 MP: 9/9
  2426 | D:2      | Reached skill level 1 in Ice Magic
  2498 | D:3      | Reached skill level 4 in Short Blades
  2914 | D:4      | Noticed an ogre
  2936 | D:4      | Killed an ogre
  2937 | D:4      | Reached XP level 6. HP: 30/30 MP: 7/10
  3086 | D:4      | Reached skill level 5 in Short Blades
  3749 | D:5      | Entered Level 5 of the Dungeon
  3808 | D:5      | Reached XP level 7. HP: 32/35 MP: 9/12
  3887 | D:5      | Learned a level 3 spell: Tukima's Dance
  3941 | D:5      | Found a staircase to the Ecumenical Temple.
  3953 | Temple   | Entered the Ecumenical Temple
  4005 | Temple   | Became a worshipper of Uskayaw the Reveller
  4036 | D:5      | Reached * piety under Uskayaw
  4099 | D:5      | Noticed an angel
  4197 | D:5      | Reached ** piety under Uskayaw
  4209 | D:5      | Reached *** piety under Uskayaw
  4216 | D:5      | Reached **** piety under Uskayaw
  4263 | D:5      | Found Ponkah's Jewellery Emporium.
  4277 | D:5      | Found a transporter.
  4286 | D:5      | Learned a level 3 spell: Dazzling Flash
  4460 | D:5      | Reached skill level 6 in Short Blades
  4460 | D:5      | Gained mutation: You have razor-sharp teeth. [Vine Stalker
                  | growth]
  4460 | D:5      | Reached XP level 8. HP: 39/39 MP: 13/13
  4471 | D:5      | Found a transporter.
  4498 | D:5      | Noticed a rust devil
  4925 | D:5      | Killed a rust devil
  4926 | D:5      | Reached skill level 5 in Hexes
  5087 | D:6      | Reached skill level 7 in Short Blades
  5087 | D:6      | Reached skill level 1 in Conjurations
  5190 | D:6      | Found Ovecadgh's Book Shop.
  5286 | D:6      | Reached XP level 9. HP: 45/45 MP: 12/15
  5483 | D:6      | Reached skill level 1 in Invocations
  5912 | D:7      | Noticed Menkaure
  5936 | D:7      | Killed Menkaure
  6012 | D:7      | Reached skill level 8 in Short Blades
  6015 | D:7      | Reached ***** piety under Uskayaw
  6339 | D:7      | Found an ornate altar of the Wu Jian Council.
  6540 | D:8      | Noticed a two-headed ogre
  6545 | D:8      | Killed a two-headed ogre
  6546 | D:8      | Reached XP level 10. HP: 51/51 MP: 17/17
  6603 | D:8      | Noticed Pikel
  6626 | D:8      | Killed Pikel
  6627 | D:8      | Reached skill level 9 in Short Blades
  7218 | D:8      | Reached skill level 5 in Stealth
  7218 | D:8      | Reached skill level 5 in Invocations
  7283 | D:8      | Reached skill level 10 in Short Blades
  7364 | D:8      | Found a staircase to the Lair.
  7441 | D:9      | Reached skill level 5 in Fighting
  7527 | D:9      | Reached skill level 5 in Spellcasting
  7799 | D:9      | Reached XP level 11. HP: 55/55 MP: 12/20
  7866 | D:9      | Found a transporter.
  7866 | D:9      | Noticed SuisLittleHoshiymin's ghost (novice OpTm)
  7876 | D:9      | Found a transporter.
  8309 | D:10     | Entered Level 10 of the Dungeon
  8327 | D:10     | Found a radiant altar of Vehumet.
  8337 | D:10     | Noticed Lodul
  8376 | D:10     | Killed from afar by Lodul

Illustrated notes

Levels and vault maps discovered:
D:1:      eino_arrival_cavern_b, layout_rooms,
          ebering_ecumenical_altar_sacrificial
D:2:      layout_basic
D:3:      layout_basic, serial_bayou_pond_e
D:4:      layout_basic, kennysheep_cross_bottleneck, minmay_goblin_outpost
D:5:      gammafunk_steamed_eel, layout_loops_ring, temple_garden, serial_shops,
          nicolae_inconvenience_store
D:6:      layout_basic, serial_shops, shop
D:7:      layout_layer_cave, mainiacjoe_overflow_tiny_flanked, uniq_menkaure
D:8:      layout_basic, erik_lair_dragon, uniq_pikel
D:9:      layout_small_grid, gammafunk_ghost_stat_death
D:10:     minmay_the_grid_octo_tiled_octocenter
          [minmay_the_grid_octo_fat_diamond, minmay_the_grid_octo_odd_swirl,
          minmay_the_grid_octo_shrine, minmay_the_grid_octo_clover,
          minmay_the_grid_octo_prize_single_spiral,
          minmay_the_grid_square_5x5_shrine1, minmay_the_grid_square_5x5_comb,
          minmay_the_grid_square_5x5_two, minmay_the_grid_square_5x5_minibox],
          layout_irregular_city, tso_altar, mainiacjoe_overflow_catwalk_spiral,
          chequers_temple_overflow_statue_of_worship, serial_glass,
          glass_columns_a, glass_columns_a, uniq_fannar, uniq_lodul
Temple:   nicolae_temple_x_marks_the_god

Skill      XL: |  1  2  3  4  5  6  7  8  9 10 |
---------------+-------------------------------+-----
Short Blades   | 1 2 3 4 5 6 7 8 10 | 10.0
Fighting       | 1 2 4 5 |  5.0
Ice Magic      | 2 |  2.0
Spellcasting   | 3 4 5 |  5.8
Hexes          | 4 5 6 |  6.7
Conjurations   | 2 4 |  4.0
Invocations    | 4 5 |  5.8
Stealth        | 6 |  6.0
Dodging        | |  1.5

Action                   |  1- 3 |  4- 6 |  7- 9 | 10-12 || total
-------------------------+-------+-------+-------+-------++-------
Melee: Dagger            |    68 |   152 |   148 |   134 ||   502
       Bite              |    18 |    32 |    39 |    52 ||   141
       Punch             |       |     1 |     3 |     2 ||     6
 Fire: Hunting sling     |       |    12 |   176 |       ||   188
Throw: Stone             |       |     4 |       |       ||     4
 Cast: Ensorcelled Hiber |    17 |    29 |    31 |    25 ||   102
       Confusing Touch   |       |     2 |     4 |     3 ||     9
       Slow              |       |     1 |     1 |       ||     2
       Tukima's Dance    |       |       |     2 |    10 ||    12
       Dazzling Flash    |       |       |       |     7 ||     7
Invok: Stomp             |       |       |     1 |       ||     1
  Use: Scroll            |       |     4 |       |     5 ||     9
       Potion            |       |       |     1 |       ||     1
 Stab: Sleeping          |    14 |    22 |    30 |    23 ||    89
       Distracted        |       |     1 |       |       ||     1
       Confused          |       |     3 |     4 |     2 ||     9
       Paralysed         |       |       |     2 |     5 ||     7
       Invisible         |       |       |     1 |     5 ||     6
Armor: Robe              |     9 |    51 |    40 |    34 ||   134
Dodge: Dodged            |    30 |    92 |    54 |    58 ||   234

Table legend: (Time is in decaauts)
 A = Elapsed time spent in this place.
 B = Non-inter-level travel time spent in this place.
 C = Inter-level travel time spent in this place.
 D = Time resting spent in this place.
 E = Time spent auto-exploring this place.
 F = Levels seen in this place.
 G = Mean time per level.
                   A        B        C        D        E       F      G
               +--------+--------+--------+--------+--------+-----+--------+
         Total |   8327 |   8000 |    327 |    846 |   5134 |  11 |  757.0 |
       Dungeon |   8266 |   7947 |    319 |    846 |   5088 |  10 |  826.6 |
        Temple |     60 |     52 |      8 |      0 |     46 |   1 |   60.0 |
               +--------+--------+--------+--------+--------+-----+--------+

Top non-repeatable levels by time:
     D:5: 1229 daAuts
     D:3: 1148 daAuts
     D:8: 1016 daAuts
     D:1: 933 daAuts
     D:4: 893 daAuts
     D:9: 868 daAuts
     D:7: 782 daAuts
     D:2: 753 daAuts
     D:6: 593 daAuts
  Temple: 60 daAuts
    D:10: 48 daAuts
